AoeStats
← BlossomForce

Arabia

509805984Analyzed
2v2 RM · 5d ago on Sep 28, 2026· 30m 44s· 4 players
Game mode
Random Map
Map size
Medium (4 player)
Population
200
Speed
Normal
Resources
Standard
Victory
Conquest
Starting age
Dark Age
Ending age
Imperial Age
RankedLock teamsTeams togetherTeam positionsShared explorationLock speedFull tech treeHidden civsTurbo modeCheats
Victory
Defeat
🇦🇷 Ethiopians · Argentina
1347
+15
🇦🇷 Mongols · Argentina
1232
+20
🇺🇸 Danes · United States
1338
-18
🇺🇸 Varangians · United States
1312
-17
AlohaInMyHeartForAOE2
7:09 Loom
9:44 Feudal Age
9:47 Man-at-Arms
12:36 Scale Mail Armor
22:07 Wheelbarrow
22:58 Double-Bit Axe
25:08 Arson
28:31 Castle Age
29:45 Chain Mail Armor
BlossomForce
11:20 Loom
15:31 Feudal Age
21:50 Fletching
24:26 Double-Bit Axe
25:00 Bloodlines
27:19 Town Watch
31:00 Castle Age
30:06 Scale Barding Armor
30:12 Forging
30:09 Stone Mining
RevolveR
7:02 Loom
9:41 Feudal Age
9:46 Man-at-Arms
13:18 Fletching
21:01 Horse Collar
25:08 Castle Age
23:26 Double-Bit Axe
25:04 Gold Mining
25:47 Bodkin Arrow
25:12 Crossbowman
27:02 Gold Shaft Mining
27:05 Heavy Plow
Pepey
8:21 Feudal Age
9:33 Horse Collar
13:19 Loom
26:55 Castle Age
26:48 Forging
Connection lost

Rejoining the realm…

Still unreachable

The connection could not be restored.

Session expired

The server has moved on; the page needs a fresh start.